 Dungeon Crawl Stone Soup version 0.30-a0-330-g8f2769a82d (webtiles) character file.

Game seed: 17396489112524170911

97 Harunobu the Trooper (level 4, -6/29 HPs)
             Began as a Gargoyle Monk on Oct 29, 2022.
             Killed from afar by an orc wizard (8 damage)
             ... with a puff of flame
             ... on level 2 of the Dungeon.
             The game lasted 00:04:14 (2509 turns).

Harunobu the Trooper (Gargoyle Monk)                Turns: 2509, Time: 00:04:15

Health: -6/29      AC:  6    Str: 16    XL:     4   Next: 68%
Magic:  4/4        EV: 12    Int: 11    God:
Gold:   99         SH:  0    Dex: 12    Spells: 3/3 levels left

rFire   . . .      SeeInvis .    f - +2 dagger (vamp)
rCold   . . .      Faith    .    (no shield)
rNeg    + . .      Spirit   .    b - +0 robe
rPois   ∞          Reflect  .    (no helmet)
rElec   +          Harm     .    (no cloak)
rCorr   .          Rampage  .    q - +0 pair of gloves
Will    .....                    (no boots)
Stlth   ++........               p - amulet of the acrobat
HPRegen 0.24/turn                (no ring)
MPRegen 0.09/turn                (no ring)

@: no status effects
A: sickness immunity, AC +3, negative energy resistance 1, electricity
resistance, torment resistance 1, petrification resistance
a: no special abilities


You were on level 2 of the Dungeon.
You visited 1 branch of the dungeon, and saw 3 of its levels.

You collected 99 gold pieces.

Inventory:

Hand Weapons
 a - a +0 mace
 f - a +2 vampiric dagger (weapon)
Armour
 b - a +0 robe (worn)
 q - a +0 pair of gloves (worn)
Jewellery
 p - an amulet of the acrobat (around neck)
Scrolls
 i - a scroll of magic mapping {unknown}
 l - a scroll of identify {unknown}
 m - 2 scrolls of noise {unknown}
Potions
 c - a potion of ambrosia
 d - a potion of berserk rage {unknown}
 e - a potion of degeneration {unknown}
 g - a potion of might {unknown}
 h - 4 potions of brilliance {unknown}
 j - a potion of mutation {unknown}
 k - a potion of magic {unknown}
 n - a potion of lignification {unknown}
 o - a potion of resistance {unknown}


   Skills:
 + Level 4.3 Fighting
 - Level 3.0 Maces & Flails
 + Level 3.2 Dodging
 + Level 3.6 Stealth


You had 3 spell levels left.
You didn't know any spells.
Your spell library contained the following spells:

 Spells                   Type           Power      Damage    Failure   Level
 Apportation              Tloc           0%         N/A       34%         1
 Necrotise                Necr           0%         1d4       34%         1
 Summon Small Mammal      Summ           0%         N/A       34%         1
 Wereblood                Tmut           0%         N/A       47%         2
 Summon Hydra             Summ           0%         N/A       100%        7
 Sublimation of Blood     Necr           Unusable   N/A       N/A         2

Dungeon Overview and Level Annotations

Branches:
Dungeon (3/15)

Altars:


Innate Abilities, Weirdness & Mutations

You are immune to sickness and miasma.
Your stone body is resilient. (AC +3)
You are immune to poison.
You resist negative energy. (rN+)
You are resistant to electric shocks. (rElec)
You are resistant to unholy torment.
You are immune to petrification.


Message History

The endoplasm freezes you.
You are frozen.
You hit the endoplasm.
The endoplasm is almost dead.
The endoplasm freezes you.
You are frozen.
You hit the endoplasm but do no damage.
The endoplasm is almost dead.
The endoplasm barely misses you.
You hit the endoplasm.
You feel better.
You kill the endoplasm!
A magic dart appears from out of thin air!
The magic dart hits you.
You hear some strange, mumbled words.
A magic dart appears from out of thin air!
The magic dart hits you!
You hit something.
You feel better. Something hits you.
You barely miss something. Something hits you.
You hit something. Something hits you.
You closely miss something. Something hits you but does no damage.
You barely miss something. Something hits you.
You barely miss something.
You hear some strange, mumbled words.
A magic dart appears from out of thin air!
The magic dart hits you.
* * * LOW HITPOINT WARNING * * *
There is a stone staircase leading up here.
You hear some strange, mumbled words.
A magic dart appears from out of thin air!
The magic dart hits you.
* * * LOW HITPOINT WARNING * * *
You climb upwards.
Reactivating autopickup.
There is a stone staircase leading down here.
Deactivating autopickup; reactivate with Ctrl-A.
You miss something.
You hear some strange, mumbled words.
A puff of flame appears from out of thin air!
The puff of flame hits you!
You die...

≈≈≈≈≈≈≈..#..#
##########..#
#..# #..#
######..######
#............#
#.####..####.#
#####.####..#
#{#
............#
#@#
###.....##.##
#.#
...<.(.....#
#.#
###.....##.#
#.# ##...###.#
#.# ##.##
#.#####.# #.#
#.......#
#.#####.####.#
#............#


There were no monsters in sight!

Vanquished Creatures
  3 adders (D:2)
  2 worms
  2 dart slugs (D:1)
  2 orcs (D:3)
  3 ball pythons
  7 endoplasms
  2 giant cockroaches
  6 goblins
  8 hobgoblins
  2 jackals (D:3)
  5 kobolds
  A quokka (D:3)
  3 bats
  3 frilled lizards
  6 rats
55 creatures vanquished.

Notes
Turn   | Place    | Note
-------+----------+-------------------------------------------
     0 | D:1      | Harunobu the Gargoyle Monk began the quest for the Orb.
     0 | D:1      | Reached XP level 1. HP: 14/14 MP: 1/1
   165 | D:1      | Reached XP level 2. HP: 16/19 MP: 2/2
   487 | D:1      | Reached XP level 3. HP: 24/24 MP: 3/3
  1053 | D:2      | Noticed a shining eye
  1055 | D:2      | Noticed a floating eye
  1064 | D:2      | Found a faded altar of an unknown god.
  1189 | D:2      | Reached skill level 4 in Fighting
  1305 | D:2      | Noticed a golden eye
  1305 | D:2      | Noticed a golden eye
  1337 | D:2      | Reached XP level 4. HP: 29/29 MP: 4/4
  2376 | D:3      | HP: 1/29 [something (3)]
  2507 | D:3      | HP: 1/29 [something/magic dart (4)]
  2509 | D:2      | Killed from afar by an orc wizard

Illustrated notes

Levels and vault maps discovered:
D:1:      dpeg_arrival_more_subterranean_lakeside_camping, layout_basic,
          hangedman_decor_push, minmay_cupped
D:2:      layout_loops_ring, serial_rivers, chequers_serial_rivers_room_a,
          chequers_serial_rivers_large_a, chequers_serial_rivers_small_3,
          chequers_serial_rivers_small_a, chequers_serial_rivers_small_b,
          hellmonk_ecumenical_altar_watching_god
D:3:      layout_basic, evilmike_ruin_ashenzari, serial_rivers,
          chequers_serial_rivers_room_a, chequers_serial_rivers_micro_c,
          chequers_serial_rivers_small_3, chequers_serial_rivers_micro_a

Skill      XL: |  1  2  3 |
---------------+----------+-----
Stealth        | 3 |  3.6
Fighting       | 4 |  4.3
Dodging        | 3 |  3.2
Maces & Flails | |  3.0

Action                   |  1- 3 |  4- 6 || total
-------------------------+-------+-------++-------
Melee: Mace              |    16 |       ||    16
       Dagger            |   119 |   142 ||   261
       Punch             |     2 |     1 ||     3
 Stab: Sleeping          |     3 |     1 ||     4
Armor: Robe              |    42 |    47 ||    89
Dodge: Dodged            |    67 |    78 ||   145

Table legend: (Time is in decaauts)
 A = Elapsed time spent in this place.
 B = Non-inter-level travel time spent in this place.
 C = Inter-level travel time spent in this place.
 D = Time resting spent in this place.
 E = Time spent auto-exploring this place.
 F = Levels seen in this place.
 G = Mean time per level.
                   A        B        C        D        E       F      G
               +--------+--------+--------+--------+--------+-----+--------+
         Total |   2532 |   2495 |     37 |    363 |   1377 |   3 |  844.0 |
       Dungeon |   2532 |   2495 |     37 |    363 |   1377 |   3 |  844.0 |
               +--------+--------+--------+--------+--------+-----+--------+

Top non-repeatable levels by time:
     D:2: 1203 daAuts
     D:1: 939 daAuts
     D:3: 388 daAuts
